 Dungeon Crawl Stone Soup version 0.31-a0-691-g409c26aa35 (webtiles) character file.

Game seed: 5337693205725213179

3886 lunkers the Martial Artist (level 10, -1/81 HPs)
             Began as a Meteoran Shapeshifter on Sept 6, 2023.
             Was a Priest of Okawaru.
             Slain by a spriggan
             ... wielding a +0 trident
              (4 damage)
             ... in a bailey.
             The game lasted 00:13:14 (3826 turns).

lunkers the Martial Artist (Meteoran Shapeshifter)  Turns: 3826, Time: 00:13:14

Health: -1/81      AC:  4    Str: 17    XL:     10   Next: 69%
Magic:  13/15      EV: 18    Int: 12    God:    Okawaru [***...]
Gold:   423        SH:  0    Dex: 17    Spells: 9/9 levels left

rFire   + .          .
                       - Unarmed
rCold   . . .        (no shield)
rNeg    . . .        C - +1 leather armour {rF+}
rPois   .            (helmet currently unavailable)
rElec   .            (cloak currently unavailable)
rCorr   .            (gloves currently unavailable)
SInv    .            (boots currently unavailable)
Will    ++...        y - amulet of regeneration
Stlth   +            u - ring of willpower
HPRegen 1.13/turn    (no ring)
MPRegen 0.14/turn

%: no passive effects
@: beast-form, heroic, glowing
A: beast (slay +4), sense surroundings 2, otherworldly, glowing, explore regen
a: Begin Untransformation, Renounce Religion, Heroism


You were in a bailey.
You worshipped Okawaru.
Okawaru was most pleased with you.
You were a hulking beast.
You visited 2 branches of the dungeon, and saw 9 of its levels.
You also visited: Bailey.

You collected 423 gold pieces.

Inventory:

Armour
 j - a +0 pair of boots
 r - a +1 robe of fire resistance
 w - a scarf of shadows
 x - a +0 pair of gloves
 C - a +1 leather armour of fire resistance (worn)
Jewellery
 n - a ring of ice
 t - the ring "Vick" {Str+5 Int+4 Dex-4 SInv}
   (You found it on level 3 of the Dungeon)

   [ring of see invisible]

   Str+5:     It affects your strength (+5).
   Int+4:     It affects your intelligence (+4).
   Dex-4:     It affects your dexterity (-4).
   SInv:      It lets you see invisible.
 u - a ring of willpower (left hand)
 y - an amulet of regeneration (around neck)
Talismans
 c - a beast talisman (active)
 d - a flux talisman
Wands
 A - a wand of paralysis (8)
Scrolls
 b - a scroll of blinking {unknown}
 f - a scroll of silence {unknown}
 g - 6 scrolls of identify {unknown}
 h - 4 scrolls of poison {unknown}
 k - a scroll of revelation {unknown}
 l - 3 scrolls of noise {unknown}
 m - a scroll of fog {unknown}
 o - 6 scrolls of teleportation {unknown}
 p - a scroll of fear {unknown}
Potions
 a - 3 potions of berserk rage {unknown}
 e - a potion of lignification
 i - a potion of haste {unknown}
 q - 4 potions of mutation {unknown}
 s - a potion of brilliance {unknown}
 v - 6 potions of curing {unknown}
 z - 2 potions of invisibility {unknown}
 B - 2 potions of might {unknown}
 D - a potion of enlightenment {unknown}
 E - a potion of attraction {unknown}


   Skills:
 + Level 5.2(10.2) Fighting
 + Level 5.6(10.6) Dodging
 * Level 12.1(17.1) Unarmed Combat
 + Level 5.9 Invocations
 + Level 8.3 Shapeshifting


You had 9 spell levels left.
You didn't know any spells.
Your spell library contained the following spells:

 Spells                   Type           Power      Damage    Failure   Level
 Sublimation of Blood     Necr           0%         N/A       52%         2
 Petrify                  Tmut/Erth      0%         N/A       98%         4
 Irradiate                Conj/Tmut      0%         3d11      100%        5


Dungeon Overview and Level Annotations

Branches:
Dungeon (8/15) Zot: 1131   Temple (1/1) D:4 Zot: 576  Bailey (1/1) Zot: 536
   Lair: D:8-11

Altars:
Cheibriados
Elyvilon
Fedhas
Gozag
Hepliaklqana
Kikubaaqudgha
Makhleb
Nemelex Xobeh
Okawaru
Qazlal
Ru
Sif Muna
Trog
Uskayaw
Vehumet
Wu Jian
Xom
Yredelemnul
Zin
The Shining One

Shops:
D:5 ?(

Annotations:
D:7 2 transporters


Innate Abilities, Weirdness & Mutations

You are a hulking beast.
Your limbs bulge with bestial killing power. (Slay +4)
You passively map the area around you.
You are easily found by Zot.
You glow in the dark.
You regain HP and MP as you explore.


Message History

The ogre closely misses you.
You pummel the ogre!!
You kill the ogre!
Okawaru accepts your kill.
Unknown command.
You see here a +0 halberd.
You feel like a meek peon again.
You enter the shallow water.
Moving in this stuff is going to be slow.
A spriggan comes into view. It is wielding a +0 trident.
A spriggan comes into view. It is wielding a +0 trident.
The spriggan shouts!
The spriggan hits you from afar with a +0 trident!
* * * LOW HITPOINT WARNING * * *
The spriggan hits you from afar with a +0 trident!
* * * LOW HITPOINT WARNING * * *
The spriggan hits you with a +0 trident!
* * * LOW HITPOINT WARNING * * *
The spriggan hits you with a +0 trident!
* * * LOW HITPOINT WARNING * * *
The spriggan closely misses you.
Unknown command.
You gain the combat prowess of a mighty hero.
A two-headed ogre comes into view.
It is wielding a +0 halberd and a +0 glaive.
The spriggan hits you with a +0 trident!
* * * LOW HITPOINT WARNING * * *
The spriggan barely misses you.
You closely miss the spriggan. The spriggan barely misses you.
Unknown command.
Okay, then.
You miss the spriggan.
The two-headed ogre shouts in stereo!
Your punch misses the spriggan.
You hear an angry hiss.
The spriggan hits you with a +0 trident.
* * * LOW HITPOINT WARNING * * *
You hit the spriggan but do no damage. The spriggan barely misses you. x2
You completely miss the spriggan.
The spriggan hits you with a +0 trident.
You die...

* ** ,,, * ,, , ##.
#♣###♣#..# *#.##
##..#♣..i..##..# ##...#
##..##...hi..##..## #.....
#...#..♣♣♣♣♣O.#♣..###.....
#...#.♣♣ *..♣..~~~..∩..
#..~♣.♣ , , #..~~~.....
#..~~.♣ ~ , #..~~~.....
#..~#.♣ ~ ,* #..~~~.....
#...#.♣* ,,#.)~~~..∩..
#...#..** ##).###.....
##.)#♣.. ♣♣.)## #.....


You could see a two-headed ogre and 2 spriggans.

Vanquished Creatures
  A two-headed ogre (D:7)
  Prince Ribbit (D:6)
  A spriggan (Bailey)
  Sigmund (D:2)
  Eustachio (D:6)
  Menkaure (D:7)
  2 water moccasins (D:6)
  A sky beast (D:6)
  A black bear (D:6)
  5 ogres
  3 bullfrogs
  2 scorpions
  A gnoll sergeant (D:7)
  A wyvern zombie (D:6)
  9 wights (D:6)
  A centaur zombie (D:6)
  A bullfrog zombie (D:6)
  4 hounds
  6 orc priests
  2 sleepcaps
  An iguana (D:7)
  Natasha (twice) (D:2)
  5 orc wizards
  3 killer bee zombies (D:6)
  Robin (D:3)
  4 gnolls (D:7)
  An ufetubus (D:4)
  A worm (D:2)
  A dart slug (D:2)
  29 orcs
  3 ball pythons
  6 bats
  5 endoplasms
  3 giant cockroaches
  16 goblins
  9 hobgoblins
  10 kobolds
  8 quokkas
  A frilled lizard (D:1)
  5 rats
159 creatures vanquished.

Notes
Turn   | Place    | Note
-------+----------+-------------------------------------------
     0 | D:1      | lunkers the Meteoran Shapeshifter began the quest for the
                  | Orb.
     0 | D:1      | Reached XP level 1. HP: 16/16 MP: 2/2
    52 | D:1      | Reached XP level 2. HP: 10/23 MP: 3/3
    54 | D:1      | Reached skill level 4 in Unarmed Combat
   156 | D:1      | Found a faded altar of an unknown god.
   246 | D:1      | Reached XP level 3. HP: 16/28 MP: 4/4
   341 | D:2      | Noticed Natasha
   347 | D:2      | Killed Natasha
   348 | D:2      | Reached skill level 5 in Unarmed Combat
   348 | D:2      | Reached XP level 4. HP: 35/35 MP: 5/5
   477 | D:2      | Noticed Sigmund
   491 | D:2      | Killed Sigmund
   492 | D:2      | Reached skill level 6 in Unarmed Combat
   492 | D:2      | Reached skill level 5 in Shapeshifting
   492 | D:2      | Reached XP level 5. HP: 28/40 MP: 6/6
   492 | D:2      | Reached XP level 6. HP: 34/47 MP: 7/7
   492 | D:2      | Identified the +2 dagger of Zyilium {heavy, Str+4 Dex+3}
   527 | D:2      | Noticed Natasha
   538 | D:2      | Killed Natasha
   742 | D:3      | Identified the ring "Vick" {Str+5 Int+4 Dex-4 SInv}
   754 | D:3      | Reached skill level 7 in Unarmed Combat
   804 | D:3      | Noticed Robin
   828 | D:3      | Reached XP level 7. HP: 45/52 MP: 8/8
   836 | D:3      | Killed Robin
   948 | D:3      | Found a radiant altar of Vehumet.
  1439 | D:4      | Found a staircase to the Ecumenical Temple.
  1534 | Temple   | Entered the Ecumenical Temple
  1546 | Temple   | Became a worshipper of Warmaster Okawaru
  1672 | D:4      | Found a stormy altar of Qazlal.
  1680 | D:4      | Reached skill level 8 in Unarmed Combat
  1684 | D:4      | Found a blossoming altar of Fedhas.
  1735 | D:5      | Entered Level 5 of the Dungeon
  1772 | D:5      | Found an ancient bone altar of Kikubaaqudgha.
  1794 | D:5      | Found Duamu's Weapon Boutique.
  1961 | D:5      | Reached XP level 8. HP: 47/59 MP: 9/9
  1997 | D:5      | Found Angepn's Magic Scroll Emporium.
  2267 | D:6      | Reached skill level 9 in Unarmed Combat
  2288 | D:6      | Reached * piety under Okawaru
  2289 | D:6      | Reached skill level 1 in Invocations
  2312 | D:6      | Noticed Eustachio
  2319 | D:6      | Killed Eustachio
  2380 | D:6      | Gained mutation: You passively map the area around you.
                  | [Meteoran growth]
  2380 | D:6      | Reached XP level 9. HP: 67/67 MP: 11/11
  2444 | D:6      | Noticed Prince Ribbit
  2454 | D:6      | Killed Prince Ribbit
  2488 | D:6      | Reached skill level 10 in Unarmed Combat
  2564 | D:6      | Reached ** piety under Okawaru
  2613 | D:6      | Found a basalt altar of Yredelemnul.
  2894 | D:6      | Reached skill level 11 in Unarmed Combat
  2894 | D:6      | Reached XP level 10. HP: 78/78 MP: 14/14
  2936 | D:6      | Found a hide-covered altar of Uskayaw.
  3040 | D:7      | Noticed a two-headed ogre
  3040 | D:7      | Noticed a boulder beetle
  3040 | D:7      | Noticed Menkaure
  3040 | D:7      | Found a glowing silver altar of Zin.
  3040 | D:7      | Found a transporter.
  3049 | D:7      | Killed Menkaure
  3089 | D:7      | Noticed a deep elf pyromancer
  3092 | D:7      | Found a transporter.
  3249 | D:7      | Reached *** piety under Okawaru
  3281 | D:7      | Noticed a two-headed ogre
  3291 | D:7      | Killed a two-headed ogre
  3292 | D:7      | Reached skill level 5 in Dodging
  3292 | D:7      | Reached skill level 5 in Invocations
  3744 | D:8      | Found a flagged portal.
  3760 | Bailey   | Entered a bailey
  3771 | Bailey   | Reached skill level 5 in Fighting
  3778 | Bailey   | Reached skill level 12 in Unarmed Combat
  3822 | Bailey   | Noticed a two-headed ogre
  3822 | Bailey   | HP: 4/81 [spriggan/+0 trident (10)]
  3824 | Bailey   | HP: 1/81 [spriggan/+0 trident (5)]
  3826 | Bailey   | Slain by a spriggan

Illustrated notes

Levels and vault maps discovered:
D:1:      lightli_molten_gateway, layout_rooms,
          hellmonk_ecumenical_altar_crossroads, minmay_ruptured
D:2:      layout_basic, uniq_natasha, uniq_sigmund
D:3:      minmay_chambers_of_threes, layout_loops_ring, fiery_altar_vehumet,
          grunt_ministairs_1, nicolae_elevator_lobby_asterisk, uniq_robin
D:4:      layout_basic, grunt_temple_overflow_forces_of_nature, temple_green
D:5:      layout_basic, amcnicky_altar_gilded, serial_shops, shop,
          nicolae_shop_hallway_stairs, nicolae_lakefront_shop, minivault_23,
          nicolae_figureground_pulse
D:6:      layout_rooms, nicolae_yredelemnul_corpse_copse,
          nicolae_overflow_crystal_walls, serial_co_window_serial,
          co_window_cross_1, co_window_of_opportunity_a, co_window_paths_a,
          co_window_paths_a, co_window_paths_b, co_window_of_opportunity_b,
          co_window_unsneaky_path_a, co_window_corner_b, co_window_broadway_c,
          co_window_2corner, co_window_paths_e, co_window_4corner_a,
          glass_columns_b, glass_columns_c, glass_columns_a, glass_columns_a,
          glass_columns_a, nrook_loot_triangle, serial_bayou_pond_d,
          minmay_misc_feat_diagonals, uniq_prince_ribbit1, uniq_eustachio
D:7:      nicolae_BIG_FREAKIN_CUBE, layout_basic,
          gammafunk_temple_overflow_arena, uniq_menkaure
D:8:      layout_loops_ring, enter_bailey_3, minmay_shop_mass
Temple:   hellmonk_temple_forest_ring
Bailey:   bailey_polearm_enchanted_keep_hellmonk, bailey

Skill      XL: |  1  2  3  4  5  6  7  8  9 10 |
---------------+-------------------------------+-----
Unarmed Combat | 4 5 6 7 8 9 11 12 | 12.1
Shapeshifting  | 4 5 6 7 8 |  8.3
Invocations    | 2 4 5 |  5.9
Fighting       | 2 4 5 |  5.2
Dodging        | 3 4 5 |  5.6

Action                     |  1- 3 |  4- 6 |  7- 9 | 10-12 || total
---------------------------+-------+-------+-------+-------++-------
  Melee: Unarmed           |    70 |    76 |   252 |    85 ||   483
         Punch             |     2 |     2 |    10 |     9 ||    23
 Invoke: Heroism           |       |       |     2 |     3 ||     5
    Use: Potion            |       |       |     1 |       ||     1
 Armour: Ring mail         |    33 |    40 |    76 |       ||   149
         Leather armour    |       |       |    68 |    47 ||   115
         Skin              |       |       |     4 |       ||     4
  Dodge: Dodged            |    25 |    41 |   142 |    68 ||   276

Table legend: (Time is in decaauts)
 A = Elapsed time spent in this place.
 B = Non-inter-level travel time spent in this place.
 C = Inter-level travel time spent in this place.
 D = Time resting spent in this place.
 E = Time spent auto-exploring this place.
 F = Levels seen in this place.
 G = Mean time per level.
                   A        B        C        D        E       F      G
               +--------+--------+--------+--------+--------+-----+--------+
         Total |   3754 |   3559 |    195 |     23 |   2254 |  10 |  375.4 |
       Dungeon |   3668 |   3474 |    194 |     23 |   2254 |   8 |  458.5 |
        Temple |     23 |     23 |      0 |      0 |      0 |   1 |   23.0 |
        Bailey |     62 |     62 |      0 |      0 |      0 |   1 |   62.0 |
               +--------+--------+--------+--------+--------+-----+--------+

Top non-repeatable levels by time:
     D:6: 774 daAuts
     D:7: 642 daAuts
     D:3: 510 daAuts
     D:4: 499 daAuts
     D:5: 497 daAuts
     D:2: 408 daAuts
     D:1: 269 daAuts
     D:8: 65 daAuts
  Bailey: 62 daAuts
  Temple: 23 daAuts
